 Dungeon Crawl Stone Soup version 0.26-a0-1205-g4083c211ab (webtiles) character file.

Game seed: 5799647516984200056

85 sahdkjhfkaj the Gusty (level 4, 32/32 HPs)
             Began as a Human Air Elementalist on Dec 29, 2020.
             Quit the game on level 2 of the Dungeon on Dec 30, 2020.
             The game lasted 00:11:56 (3304 turns).

sahdkjhfkaj the Gusty (Human Air Elementalist)      Turns: 3304, Time: 00:11:57

Health: 32/32      AC:  3    Str:  8    XL:     4   Next: 75%
Magic:  4/7        EV: 12    Int: 17    God:
Gold:   103        SH:  0    Dex: 13    Spells: 1/8 levels left

rFire    . . .     SeeInvis .   a - +3 rapier (speed)
rCold    . . .     Faith    .   (no shield)
rNeg     . . .     Spirit   .   c - +0 robe
rPois    .         Reflect  .   j - +0 helmet
rElec    .         Harm     .   (no cloak)
rCorr    .         Rampage  .   (no gloves)
Will     .....                  (no boots)
Stlth    ++........             (no amulet)
HPRegen  0.10/turn              (no ring)
MPRegen  0.10/turn              (no ring)

@: no status effects
A: no striking features
a: no special abilities


You were on level 2 of the Dungeon.
You visited 1 branch of the dungeon, and saw 2 of its levels.

You collected 103 gold pieces.

Inventory:

Hand Weapons
 a - a +3 rapier of speed (weapon)
Missiles
 i - 2 silver javelins
Armour
 c - a +0 robe (worn)
 j - a +0 helmet (worn)
Jewellery
 p - an uncursed ring of see invisible {unknown}
Scrolls
 b - a scroll of fog {unknown}
 e - a scroll of teleportation {!r}
 f - a scroll of blinking {unknown}
 g - a scroll of enchant armour {unknown}
 k - 2 scrolls of remove curse {unknown}
 n - a scroll of identify {unknown}
 o - a scroll of random uselessness {unknown}
Potions
 d - a potion of attraction {unknown}
 h - a potion of ambrosia {unknown}
 l - a potion of flight {unknown}
 m - a potion of curing {unknown}


   Skills:
 - Level 1.0 Fighting
 - Level 2.0 Dodging
 - Level 2.0 Stealth
 - Level 2.5 Spellcasting
 - Level 3.0 Conjurations
 + Level 3.5 Air Magic


You had one spell level left.
You knew the following spells:

 Your Spells              Type           Power        Failure   Level
a - Shock                 Conj/Air       52%          4%          1
x - Airstrike             Air            7%           38%         4
W - Swiftness             Air            14%          6%          2

Your spell library contained the following spells:

 Spells                   Type           Power        Failure   Level
 Static Discharge         Conj/Air       13%          14%         3
 Lightning Bolt           Conj/Air       6%           80%         5


Dungeon Overview and Level Annotations

Branches:
Dungeon (2/15)

Altars:
Ru
Trog


Message History

Fire/throw which item? (* to show all) (? for menu, Esc to quit)
You don't have any such object.
Fire/throw which item? (* to show all) (? for menu, Esc to quit)
You don't have any such object.
Fire/throw which item? (* to show all) (? for menu, Esc to quit)
Throw: 2 javelins (silver)
Press: ? - help, Shift-Dir - straight line, f/p - moth of wrath
Aim: a moth of wrath (moderately wounded, fire blocked by an iron grate)
Your line of fire to the moth of wrath is blocked by an iron grate.
Continue anyway?
You throw a silver javelin.
Press: ? - help, v - describe, . - travel, g - get item Item here: a silver javelin.
The floor.
Unknown command.
You see here a silver javelin.
i - 2 silver javelins (gained 1) Saving game... please wait.
Welcome back, sahdkjhfkaj the Human Air Elementalist.
Press ? for a list of commands and other information.
Are you sure you want to abandon this character and quit the game? (Confirm with "yes".)

#.#...# ##.##.#
###### ####.#
#....### #.#
#.##...####.##
####.####.......#
##.......######..#
##.........#####..#
#.....@.....#.....#
#....###....#####.#
#...##y##...# #.#
#....###....# #.#
##.........##
#.##### #...._..))#
#...... ##).)....##
####### ###...###
#####


You could see a moth of wrath.

Vanquished Creatures
  3 gnolls
  An ooze (D:2)
  3 worms (D:2)
  A dart slug (D:1)
  A leopard gecko (D:1)
  A ball python (D:2)
  3 giant cockroaches
  2 hobgoblins
  3 jackals (D:1)
  5 kobolds
  5 bats
  2 frilled lizards
  7 goblins
  7 rats
44 creatures vanquished.

Notes
Turn   | Place    | Note
-------+----------+-------------------------------------------
     0 | D:1      | sahdkjhfkaj the Human Air Elementalist began the quest for
                  | the Orb.
     0 | D:1      | Reached XP level 1. HP: 13/13 MP: 3/3
   322 | D:1      | Reached XP level 2. HP: 19/19 MP: 1/5
   365 | D:1      | Learned a level 2 spell: Swiftness
   800 | D:1      | Reached XP level 3. HP: 22/24 MP: 2/6
  1026 | D:2      | Found a bloodstained altar of Trog.
  1027 | D:2      | Noticed a moth of wrath
  1884 | D:1      | Reached XP level 4. HP: 15/31 MP: 3/7
  2041 | D:1      | Learned a level 4 spell: Airstrike
  2081 | D:2      | Reached skill level 1 in Fighting
  2686 | D:2      | Found a sacrificial altar of Ru.
  3304 | D:2      | Quit the game

Illustrated notes

Levels and vault maps discovered:
D:1:      ncdulo_halloftheorcs, layout_loops_ring, feat_on_display
D:2:      layout_loops_ring, nicolae_overflow_hidden_temple, tgw_trog

Skill      XL: |  1  2  3  4 |
---------------+-------------+-----
Conjurations   | 2 3 |  3.0
Fighting       | 1 |  1.0
Dodging        | |  2.0
Stealth        | |  2.0
Spellcasting   | |  2.5
Air Magic      | |  3.5

Action                   |  1- 3 |  4- 6 || total
-------------------------+-------+-------++-------
Melee: Dagger            |    39 |       ||    39
Throw: Javelin           |       |     1 ||     1
 Cast: Shock             |    63 |    26 ||    89
       Swiftness         |     1 |       ||     1
       Airstrike         |       |     5 ||     5
  Use: Scroll            |     1 |       ||     1
Armor: Robe              |    17 |     2 ||    19
Dodge: Dodged            |    39 |     6 ||    45

Table legend: (Time is in decaauts)
 A = Elapsed time spent in this place.
 B = Non-inter-level travel time spent in this place.
 C = Inter-level travel time spent in this place.
 D = Time resting spent in this place.
 E = Time spent auto-exploring this place.
 F = Levels seen in this place.
 G = Mean time per level.
                   A        B        C        D        E       F      G
               +--------+--------+--------+--------+--------+-----+--------+
         Total |   3301 |   3240 |     61 |   1097 |   1453 |   2 | 1650.5 |
       Dungeon |   3301 |   3240 |     61 |   1097 |   1453 |   2 | 1650.5 |
               +--------+--------+--------+--------+--------+-----+--------+

Top non-repeatable levels by time:
     D:2: 1936 daAuts
     D:1: 1365 daAuts
